 Dungeon Sprint DCSS version 0.30.0-29-ga12c61a403 (webtiles) character file.

Game seed: 9455476030516399483

2031 boopmooplesden the Fighter (level 9, -7/92 HPs)
             Began as a White Draconian Berserker on June 24, 2023.
             Was a High Priest of Trog.
             Mangled by a 12-headed hydra (12 damage)
             ... in the Dungeon (Sprint IX: "|||||||||||||||||||||||||||||").
             The game lasted 00:01:08 (254 turns).

boopmooplesden the Fighter (DrBe)                    Turns: 254, Time: 00:01:09

Health: -7/92      AC:  9    Str: 23    XL:     9   Next: 3%
Magic:  9/9        EV: 18    Int:  8    God:    Trog [*****.]
Gold:   0          SH:  0    Dex: 17    Spells: 8/8 levels left

rFire   . . .        j - +3 war axe (heavy)
rCold   + . .        (no shield)
rNeg    . . .        (body armour unavailable)
rPois   .            (helmet restricted)
rElec   .            (no cloak)
rCorr   .            l - +0 pair of gloves
SInv    .            k - +0 pair of boots
Will    .....        (no amulet)
Stlth   ++           n - +3 ring of strength
HPRegen 0.35/turn    m - +3 ring of dexterity
MPRegen 0.11/turn

%: no teleportation
@: on berserk cooldown, slowed, very slow
A: breathe frost, AC +7, unfitting armour, cold resistance 1, cold-blooded
a: Breathe Frost, Renounce Religion, Berserk, Trog's Hand, Brothers in Arms


You were in the Dungeon.
You worshipped Trog.
Trog was extremely pleased with you.
You visited 1 branch

Inventory:

Hand Weapons
 a - a +0 hand axe
 j - a +3 heavy war axe (weapon)
Armour
 k - a +0 pair of boots (worn)
 l - a +0 pair of gloves (worn)
Jewellery
 m - a +3 ring of dexterity (right hand)
 n - a +3 ring of strength (left hand)
Wands
 i - a wand of light (10)
Scrolls
 g - 2 scrolls of blinking
Potions
 b - 5 potions of curing
 c - a potion of heal wounds
 d - a potion of haste
 e - 4 potions of magic
 f - a potion of berserk rage
 h - a potion of invisibility


   Skills:
 + Level 12.9 Fighting
 + Level 12.8 Axes
 + Level 11.0 Dodging


You had 8 spell levels left.
You didn't know any spells.
Your spell library was empty.

Dungeon Overview and Level Annotations

Branches:
Dungeon (1/1)

Altars:
Cheibriados
Dithmenos
Elyvilon
Fedhas
Gozag
Hepliaklqana
Kikubaaqudgha
Makhleb
Nemelex Xobeh
Okawaru
Qazlal
Ru
Sif Muna
Trog
Uskayaw
Vehumet
Wu Jian
Xom
Yredelemnul
Zin
The Shining One
Jiyva
Lugonu


Innate Abilities, Weirdness & Mutations

You can breathe waves of freezing cold which knock back foes.
Your icy white scales are hard. (AC +7)
You cannot fit into any form of body armour.
Your flesh is cold resistant. (rC+)
You are cold-blooded and may be slowed by cold attacks.


Message History

The ten-headed hydra bites you but does no damage.
The ten-headed hydra closely misses you.
The ten-headed hydra bites you.
The ten-headed hydra bites you but does no damage.
The ten-headed hydra closely misses you. x2
The ten-headed hydra bites you but does no damage.
The ten-headed hydra closely misses you.
The ten-headed hydra bites you but does no damage.
You lop one of the ten-headed hydra's heads off!
The nine-headed hydra grows two more!
You slash the 11-headed hydra! You tail-slap the 11-headed hydra.
The 11-headed hydra is severely wounded.
You are no longer berserk.
You are exhausted.
You feel yourself slow down. The 11-headed hydra bites you! x2
The 11-headed hydra closely misses you. x2; The 11-headed hydra misses you.
The 11-headed hydra bites you.
* * * LOW HITPOINT WARNING * * *
The 11-headed hydra bites you.
* * * LOW HITPOINT WARNING * * *
The 11-headed hydra barely misses you. The 11-headed hydra bites you.
* * * LOW HITPOINT WARNING * * *
The 11-headed hydra closely misses you. The 11-headed hydra bites you!
* * * LOW HITPOINT WARNING * * *
You hack one of the 11-headed hydra's heads off!
The ten-headed hydra grows two more!
You slash the 12-headed hydra!
The 12-headed hydra is severely wounded.
The 12-headed hydra bites you but does no damage.
The 12-headed hydra misses you.
The 12-headed hydra completely misses you.
The 12-headed hydra misses you. The 12-headed hydra bites you.
* * * LOW HITPOINT WARNING * * *
The 12-headed hydra completely misses you.
The 12-headed hydra closely misses you.
The 12-headed hydra bites you but does no damage. x2
The 12-headed hydra misses you. x2; The 12-headed hydra closely misses you.
You barely miss the 12-headed hydra. You tail-slap the 12-headed hydra.
The 12-headed hydra is severely wounded.
The 12-headed hydra bites you!
You die...

▓.▓
▓)▓
▓)▓
▓.▓
▓.▓
▓.▓
▓.▓
▓.▓
▓@▓
▓D▓
▓y▓
▓y▓
▓T▓
▓.▓
▓.▓
▓+▓


You could see a 12-headed hydra, a troll and 2 vampire mosquitoes.

Vanquished Creatures
  A centaur warrior (D)
  A deep elf pyromancer (D)
  A kobold demonologist (D)
  An unseen horror (D)
  A wraith (D)
  A yak (D)
  A black bear (D)
  A wight (D)
  An orc priest (D)
  An ufetubus (D)
  A dart slug (D)
  2 orcs (D)
  A jackal (D)
  A ball python (D)
  A frilled lizard (D)
  2 rats (D)
18 creatures vanquished.

Notes
Turn   | Place    | Note
-------+----------+-------------------------------------------
     0 | D        | boopmooplesden the Draconian Berserker began the quest for
                  | the Orb.
     0 | D        | Reached XP level 1. HP: 19/19 MP: 1/1
    14 | D        | Reached ** piety under Trog
    30 | D        | Noticed a black bear
    34 | D        | Reached *** piety under Trog
    35 | D        | Reached XP level 2. HP: 27/27 MP: 2/2
    39 | D        | Killed a black bear
    40 | D        | Reached skill level 5 in Dodging
    40 | D        | Reached XP level 3. HP: 38/38 MP: 3/3
    40 | D        | Reached XP level 4. HP: 45/45 MP: 4/4
    45 | D        | Found a snail-covered altar of Cheibriados.
    45 | D        | Found a shadowy altar of Dithmenos.
    45 | D        | Found a white marble altar of Elyvilon.
    45 | D        | Found a blossoming altar of Fedhas.
    45 | D        | Found an opulent altar of Gozag.
    46 | D        | Found a hazy altar of Hepliaklqana.
    47 | D        | Found a viscous altar of Jiyva.
    48 | D        | Found an ancient bone altar of Kikubaaqudgha.
    49 | D        | Found a corrupted altar of Lugonu.
    50 | D        | Found a burning altar of Makhleb.
    51 | D        | Found a sparkling altar of Nemelex Xobeh.
    52 | D        | Found an iron altar of Okawaru.
    53 | D        | Found a stormy altar of Qazlal.
    54 | D        | Found a sacrificial altar of Ru.
    55 | D        | Found a shimmering blue altar of Sif Muna.
    56 | D        | Found a bloodstained altar of Trog.
    57 | D        | Found a hide-covered altar of Uskayaw.
    58 | D        | Found a radiant altar of Vehumet.
    59 | D        | Found an ornate altar of the Wu Jian Council.
    60 | D        | Found a shimmering altar of Xom.
    61 | D        | Found a basalt altar of Yredelemnul.
    62 | D        | Found a glowing silver altar of Zin.
    63 | D        | Found a glowing golden altar of the Shining One.
   103 | D        | Noticed a yak
   103 | D        | Noticed a kobold demonologist
   103 | D        | Noticed a wraith
   106 | D        | Noticed a red devil
   106 | D        | Killed a yak
   106 | D        | Reached **** piety under Trog
   107 | D        | Reached XP level 5. HP: 53/53 MP: 5/5
   110 | D        | Killed an unseen horror
   111 | D        | Reached XP level 6. HP: 66/66 MP: 6/6
   113 | D        | Reached skill level 10 in Fighting
   113 | D        | Your scales start taking on an icy white colour.
   113 | D        | Reached XP level 7. HP: 64/72 MP: 7/7
   113 | D        | Gained mutation: Your flesh is cold resistant. (rC+) [White
                  | Draconian growth]
   122 | D        | Noticed a sun demon
   122 | D        | Killed a kobold demonologist
   123 | D        | Reached skill level 10 in Axes
   130 | D        | Killed a wraith
   131 | D        | Reached ***** piety under Trog
   132 | D        | Reached XP level 8. HP: 46/82 MP: 8/8
   238 | D        | Noticed a deep elf pyromancer
   238 | D        | Noticed a centaur warrior
   238 | D        | Noticed a troll
   238 | D        | Noticed a seven-headed hydra
   241 | D        | Killed a deep elf pyromancer
   242 | D        | Reached skill level 10 in Dodging
   248 | D        | Killed a centaur warrior
   248 | D        | Received a gift from Trog
   249 | D        | Reached XP level 9. HP: 92/92 MP: 9/9
   253 | D        | HP: 4/92 [12-headed hydra (3)]
   254 | D        | Mangled by a 12-headed hydra

Illustrated notes

Levels and vault maps discovered:
D:        linesprint [early_d, line_temple, items_1, d_10, items_2, lair_1,
          lair_end, items_3, orc_1, orc_end, items_4, d_15, swamp_1, shoals_1,
          snake_1, spider_1, d_20, vaults_1, items_5, swamp_end, shoals_end,
          snake_end, spider_end, vaults_end, d_27, items_6, zot_1, zot_end,
          crypt_end, forest_end, elf_end, slime_end, tomb_end, abyss_end,
          pan_hell_end]

Skill      XL: |  1  2  3  4  5  6  7  8 |
---------------+-------------------------+-----
Dodging        | 3 5 6 8 9 11 | 11.0
Fighting       | 4 6 8 9 10 11 12 | 12.9
Axes           | 6 8 9 11 12 | 12.8

Action                     |  1- 3 |  4- 6 |  7- 9 || total
---------------------------+-------+-------+-------++-------
  Melee: Hand axe          |    21 |       |       ||    21
         Tailslap          |     3 |       |     7 ||    10
         War axe           |       |     8 |    30 ||    38
 Invoke: Berserk           |     1 |     1 |     1 ||     3
    Use: Potion            |       |       |     2 ||     2
 Armour: Skin              |     2 |     3 |    20 ||    25
  Dodge: Dodged            |    11 |     2 |    53 ||    66
